 Dungeon Crawl Stone Soup version 0.27-a0-1324-ge0d8e047f6 (webtiles) character file.

Game seed: 17547983373887867709

85 27snakeeyes612 the Skirmisher (level 4, -3/33 HPs)
             Began as an Octopode Fighter on June 23, 2021.
             Frozen to death by an endoplasm (5 damage)
             ... on level 3 of the Dungeon.
             The game lasted 00:01:15 (2242 turns).

27snakeeyes612 the Skirmisher (Octopode Fighter)    Turns: 2242, Time: 00:01:15

Health: -3/33      AC:  1    Str: 16    XL:     4   Next: 48%
Magic:  4/4        EV: 11    Int: 10    God:
Gold:   109        SH:  9    Dex: 11    Spells: 3/3 levels left

rFire    . . .     SeeInvis .   a - +0 war axe
rCold    . . .     Faith    .   b - +0 kite shield
rNeg     . . .     Spirit   .   (helmet restricted)
rPois    .         Reflect  .   (no amulet)
rElec    .         Harm     .   (no ring)
rCorr    .         Rampage  .   (no ring)
Will     .....                  (no ring)
Stlth    ++........             (no ring)
HPRegen  0.11/turn              (no ring)
MPRegen  0.09/turn              (no ring)
                                (no ring)
                                (no ring)

@: lethally poisoned (-3 -> -7)
A: almost no armour, amphibious, 8 rings, camouflage 1, gelatinous body 1,
(nimble swimmer 1), tentacles
a: no special abilities


You were on level 3 of the Dungeon.
You visited 1 branch of the dungeon, and saw 3 of its levels.

You collected 109 gold pieces.

Inventory:

Hand Weapons
 a - a +0 war axe (weapon)
Armour
 b - a +0 kite shield (worn)
Wands
 k - a wand of digging (8)
Scrolls
 e - a scroll of vulnerability {unknown}
 f - a scroll of identify {unknown}
 g - 2 scrolls of teleportation {unknown}
 h - a scroll of enchant armour {unknown}
 i - 2 scrolls of noise {unknown}
Potions
 c - 2 potions of might
 d - a potion of flight


   Skills:
 + Level 3.6 Fighting
 + Level 2.7 Axes
 + Level 3.6 Dodging
 + Level 3.6 Shields


You had 3 spell levels left.
You didn't know any spells.
Your spell library was empty.

Dungeon Overview and Level Annotations

Branches:
Dungeon (3/15)

Altars:


Innate Abilities, Weirdness & Mutations

You cannot wear most types of armour.
You are amphibious.
You can wear up to eight rings at the same time.
Your skin changes colour to match your surroundings (Stealth+).
Your rubbery body absorbs attacks. (AC +1, EV +1)
((You are camouflaged near water. (Stealth+)))
You have tentacles for arms and can constrict up to eight enemies at once.


Message History

You barely miss the adder. Your grab misses the adder.
You hit the endoplasm but do no damage. The endoplasm hits you.
The adder bites you. The endoplasm hits you. You block the adder's attack.
Your shield prevents you from hitting the adder.
Your grab misses the adder. You squeeze the adder.
The adder is heavily wounded.
You barely miss the endoplasm. You block the adder's attack.
The endoplasm hits you. You block the adder's attack.
You closely miss the adder. Your grab misses the adder.
The adder is heavily wounded.
You hit the hobgoblin.
You kill the hobgoblin!
You hit the endoplasm but do no damage. The endoplasm misses you.
The adder bites you. The endoplasm hits you. You block the adder's attack.
You are too injured to fight recklessly!
You barely miss the adder. Your grab misses the adder.
The adder is moderately wounded.
You completely miss the endoplasm. The adder barely misses you.
You block the endoplasm's attack. The adder closely misses you.
You block the endoplasm's attack.
You hit the adder. Your grab misses the adder. Your squeeze misses the adder.
The adder is severely wounded.
You hit the endoplasm. The adder bites you. The endoplasm freezes you.
You are frozen.
* * * LOW HITPOINT WARNING * * *
The adder bites you.
* * * LOW HITPOINT WARNING * * *
You are lethally poisoned!
The adder poisons you!
You hit the adder. You grab the adder.
The adder is almost dead.
You completely miss the endoplasm. You constrict the adder.
You kill the adder!
* * * LOW HITPOINT WARNING * * *
You feel very sick. You block the endoplasm's attack.
The endoplasm freezes you.
You are frozen.
You die...

#.##........ .##
#.#.....#...
#....#....#..... #
#....#........##.#
#.........#.......
#.............#
#.............#.#
#........@J).....
#....##..........
# #.......#.....
###.#..#.......#
#...#..........#
#.###..........#
#..............#
#..............
##............


You could see an endoplasm.

Vanquished Creatures
  Terence (D:2)
  4 adders
  5 bats
  2 endoplasms
  3 giant cockroaches
  3 goblins (D:2)
  4 hobgoblins
  4 kobolds
  3 frilled lizards
  6 rats
35 creatures vanquished.

Notes
Turn   | Place    | Note
-------+----------+-------------------------------------------
     0 | D:1      | 27snakeeyes612 the Octopode Fighter began the quest for the
                  | Orb.
     0 | D:1      | Reached XP level 1. HP: 16/16 MP: 1/1
   124 | D:1      | Found a faded altar of an unknown god.
   130 | D:1      | Reached XP level 2. HP: 11/21 MP: 2/2
   718 | D:2      | Reached XP level 3. HP: 25/26 MP: 3/3
  1248 | D:2      | HP: 1/26 [kobold (5)]
  1583 | D:2      | Reached XP level 4. HP: 29/31 MP: 4/4
  1712 | D:2      | Noticed Terence
  1723 | D:2      | Killed Terence
  2242 | D:3      | Frozen to death by an endoplasm

Illustrated notes

Levels and vault maps discovered:
D:1:      lightli_arrival_statue_moat, layout_rooms,
          ebering_ecumenical_altar_webs
D:2:      layout_rooms, kennysheep_generic_room_5, uniq_terence
D:3:      layout_basic, serial_shops, shop

Action                   |  1- 3 |  4- 6 || total
-------------------------+-------+-------++-------
Melee: War axe           |    47 |    14 ||    61
       Constrict         |    14 |     2 ||    16
       Tentacles         |     3 |     4 ||     7
Throw: Throwing net      |       |     1 ||     1
  Use: Potion            |     3 |       ||     3
 Stab: Sleeping          |     3 |       ||     3
       Held in net/web   |       |     1 ||     1
Armor: Skin              |     3 |       ||     3
Dodge: Dodged            |    22 |     6 ||    28
Block: Kite shield       |    27 |    11 ||    38

Table legend: (Time is in decaauts)
 A = Elapsed time spent in this place.
 B = Non-inter-level travel time spent in this place.
 C = Inter-level travel time spent in this place.
 D = Time resting spent in this place.
 E = Time spent auto-exploring this place.
 F = Levels seen in this place.
 G = Mean time per level.
                   A        B        C        D        E       F      G
               +--------+--------+--------+--------+--------+-----+--------+
         Total |   2278 |   2240 |     38 |    703 |   1313 |   3 |  759.3 |
       Dungeon |   2278 |   2240 |     38 |    703 |   1313 |   3 |  759.3 |
               +--------+--------+--------+--------+--------+-----+--------+

Top non-repeatable levels by time:
     D:2: 1556 daAuts
     D:1: 694 daAuts
     D:3: 28 daAuts
